 Dungeon Crawl Stone Soup version 0.23.0 (webtiles) character file.

Game seed: 15706433648306128069

14472 Lavandula the Grappler (level 11, -2/105 HPs)
             Began as a Troll Hunter on Feb 16, 2019.
             Was a High Priest of Cheibriados.
             Slain by an ogre
             ... wielding a +0 giant club
              (25 damage)
             ... on level 2 of the Orcish Mines.
             The game lasted 00:18:35 (7994 turns).

Lavandula the Grappler (Troll Hunter)               Turns: 7994, Time: 00:18:36

Health: -2/105     AC: 16    Str: 38    XL:     11   Next: 89%
Magic:  10/10      EV: 13    Int: 20    God:    Cheibriados [*****.]
Gold:   1091       SH:  0    Dex: 23    Spells: 7/10 levels left

rFire    x x .     SeeInvis .     - Unarmed
rCold    + + +     Gourm    +   (no shield)
rNeg     . . .     Faith    .   y - +0 ice dragon scales
rPois    .         Spirit   .   (helmet restricted)
rElec    .         Reflect  .   K - +0 cloak
rCorr    .         Harm     .   (gloves unavailable)
MR       .....                  (boots unavailable)
Stlth    ..........             (no amulet)
HPRegen  0.67/turn              D - ring of ice
MPRegen  0.12/turn              A - +2 ring of evasion

@: lethally poisoned (-2 -> -5), heavily drained, very slow
A: large, unfitting armour, claws 3, fast metabolism 3, gourmand, regeneration
1, shaggy fur 1, tough skin 3
a: Bend Time, Temporal Distortion, Slouch, Step From Time, Renounce Religion


You were on level 2 of the Orcish Mines.
You worshipped Cheibriados.
Cheibriados was extremely pleased with you.
You were completely stuffed.

You visited 2 branches of the dungeon, and saw 11 of its levels.
You also visited: Ice Cave.

You collected 1091 gold pieces.

Inventory:

Hand Weapons
 O - a +0 blowgun
Missiles
 c - 2 large rocks (quivered)
 d - 2 throwing nets
 N - 5 curare-tipped needles
 Q - 4 tomahawks
Armour
 b - a +0 robe
 y - +0 ice dragon scales (worn)
 K - a +0 cloak (worn)
Magical Staves
 n - an uncursed staff of wizardry {unknown}
Jewellery
 A - a +2 ring of evasion (right claw)
 D - a ring of ice (left claw)
Wands
 t - a wand of acid (20)
 x - a wand of scattershot (3)
 H - a wand of iceblast (27)
 J - a wand of paralysis (4)
Scrolls
 a - 10 scrolls of identify {unknown}
 e - 7 scrolls of remove curse {unknown}
 k - 2 scrolls of amnesia {unknown}
 o - a scroll of enchant armour {unknown}
 q - a scroll of immolation {unknown}
 u - 4 scrolls of teleportation {unknown}
 B - a scroll of vulnerability {unknown}
 E - a scroll of enchant weapon {unknown}
 G - 2 scrolls of magic mapping {unknown}
 I - a scroll of fog {unknown}
 L - 3 scrolls of fear {unknown}
 M - a scroll of summoning {unknown}
Potions
 g - 2 potions of brilliance {unknown}
 h - 5 potions of degeneration {unknown}
 i - 3 potions of lignification {unknown}
 j - 2 potions of flight {unknown}
 l - a potion of invisibility {unknown}
 m - a potion of ambrosia {unknown}
 p - a potion of haste {unknown}
 r - 6 potions of curing {unknown}
 s - a potion of berserk rage {unknown}
 v - 3 potions of heal wounds {unknown}
 w - 2 potions of magic {unknown}
 z - 2 potions of mutation {unknown}
 C - a potion of might {unknown}
 F - 2 potions of agility {unknown}
Comestibles
 f - 27 rations


   Skills:
 - Level 6.0(4.1) Fighting
 - Level 3.6(1.9) Throwing
 - Level 7.4(5.5) Armour
 - Level 6.1(4.2) Dodging
 - Level 0.3(0.0) Stealth
 + Level 13.7(11.5) Unarmed Combat


You had 7 spell levels left.
You knew the following spells:

 Your Spells              Type           Power        Failure   Level  Hunger
a - Portal Projectile     Hex/Tloc       #.....       73%         3    ####...

Your spell library contained the following spells:

 Spells                   Type           Power        Failure   Level  Hunger
 Confusing Touch          Hex            #.....       36%         1    ##.....
 Magic Dart               Conj           #...         36%         1    ##.....
 Pain                     Necr           #...         36%         1    ##.....
 Searing Ray              Conj           #.....       50%         2    ###....
 Confuse                  Hex            #.......     73%         3    ####...
 Dazzling Spray           Conj/Hex       #.....       73%         3    ####...
 Gell's Gravitas          Tloc           #.........   73%         3    ####...
 Force Lance              Conj/Tloc      #.......     98%         4    #####..
 Fulminant Prism          Conj/Hex       #.........   98%         4    #####..
 Iskenderun's Mystic Bla  Conj           #.......     98%         4    #####..
 Petrify                  Tmut/Erth      #.......     98%         4    #####..
 Metabolic Englaciation   Hex/Ice        #.........   100%        5    ######.
 Yara's Violent Unravell  Hex/Tmut       #.........   100%        5    ######.
 Dispersal                Tloc           #.........   100%        6    #######
 Controlled Blink         Tloc           N/A          100%        8    #######
 Disjunction              Tloc           #.........   100%        8    #######


Dungeon Overview and Level Annotations

Branches:
Dungeon (9/15)             Temple (0/1) D:7            Lair (0/6) D:9
    Orc (2/2) D:9             Elf (0/3) Orc:2

Altars:
Cheibriados
Elyvilon
Gozag
Hepliaklqana
Kikubaaqudgha
Okawaru
Qazlal
Sif Muna
Uskayaw
Vehumet
Yredelemnul
Zin
The Shining One
Beogh

Annotations:
D:5 1 runed translucent door, Folque's ghost, novice DEAE
D:7 2 transporters, exclusion: 2 goblins, feelmyfire's ghost, novice DrIE


Innate Abilities, Weirdness & Mutations

You are too large for most types of armour.
You have claws for hands.
Your metabolism is lightning-fast.
You like to eat raw meat.
Your natural rate of healing is unusually fast.
You are covered in fur. (AC +1)
You have extremely tough skin. (AC +3)


Message History

The orc wizard gestures wildly while chanting.
The orc wizard blinks!
An orc priest comes into view.
The orc sorcerer hits you but does no damage.
The orange demon barely misses you. The orc hits you but does no damage. x2
The ogre hits you with a +0 giant club!
* * * LOW HITPOINT WARNING * * *
You feel sick.
The orc priest shouts!
The orc wizard mumbles some strange words.
The orc wizard blinks!
The orc sorcerer hits you but does no damage.
The orange demon stings you but does no damage.
The orc hits you but does no damage. x2
You can move again.
Unknown command.
Unknown command.
You feel sick.
The ogre hits you with a +0 giant club!!
You die...

#......### ##.##....#
##.###...### #...#......### .#
## ##.##.(......####
...##.######.............#.##
.......o##.....o..).....<...##
...#..o†(..(...oo[.[.......#.##
.o...oo.#.oT..OO@.............#
....o####......o#.#..........##
.o.. #......§4####..........#
.O. #........#.#..........## #.
####.......#.........## .
#.................##
#................##
##...o..........##
###..........###


You could see an orange demon, a troll, an orc sorcerer, 2 ogres, 2 orc priests,
an orc wizard and 2 orcs.

Vanquished Creatures
  A hydra (D:8)
  Sonja (Orc:1)
  Pikel (D:8)
  A necromancer (IceCv)
  2 orc knights (Orc:1)
  An orc sorcerer (Orc:1)
  3 ice statues (IceCv)
  Maurice (Orc:1)
  7 ice devils (IceCv)
  A troll (Orc:2)
  Grinder (D:3)
  A hippogriff (D:9)
  2 dream sheep (D:8)
  Sigmund (D:2)
  8 yaks
  A steam dragon (D:7)
  2 wargs
  2 sky beasts
  A slave (D:8)
  9 orc warriors
  10 ice beasts
  3 phantoms
  3 ogres
  3 centaurs
  4 big kobolds (D:8)
  9 bullfrogs
  A wyvern skeleton (D:8)
  An electric eel (D:8)
  3 crimson imps
  2 draconian simulacra (IceCv)
  A quasit (D:8)
  2 hounds
  3 jellies
  2 centaur skeletons
  10 orc priests
  4 bullfrog skeletons
  Terence (D:2)
  5 worker ants
  4 iguanas
  12 orc wizards
  2 spriggan simulacra (IceCv)
  4 troll simulacra (IceCv)
  A centaur simulacrum (IceCv)
  Robin (D:2)
  14 adders
  A howler monkey skeleton (D:9)
  A naga simulacrum (IceCv)
  A shadow imp (D:8)
  3 adder skeletons (D:4)
  2 dart slugs (D:1)
  3 leopard geckos
  37 orcs
  3 ball pythons
  9 bats
  6 giant cockroaches
  19 goblins
  7 hobgoblins
  5 jackals
  9 kobolds
  2 quokkas
  7 frilled lizards
  A giant cockroach zombie (D:5)
  A jackal skeleton (D:6)
  2 leopard gecko skeletons
  A quokka skeleton (D:5)
  3 rats
  A spectral orc (D:4)
276 creatures vanquished.

Vanquished Creatures (others)
  4 orcs
  A giant cockroach (D:5)
  A quokka skeleton (D:7)
6 creatures vanquished.

Grand Total: 282 creatures vanquished

Notes
Turn   | Place    | Note
-------+----------+-------------------------------------------
     0 | D:1      | Lavandula the Troll Hunter began the quest for the Orb.
     0 | D:1      | Reached XP level 1. HP: 19/19 MP: 0/0
    60 | D:1      | Reached skill level 1 in Unarmed Combat
   107 | D:1      | Reached XP level 2. HP: 27/27 MP: 1/1
   114 | D:1      | Reached skill level 2 in Unarmed Combat
   501 | D:2      | Noticed Terence
   512 | D:2      | Noticed Sigmund
   516 | D:2      | Killed Terence
   516 | D:2      | Reached skill level 3 in Unarmed Combat
   516 | D:2      | Reached XP level 3. HP: 24/33 MP: 2/2
   539 | D:2      | Killed Sigmund
   539 | D:2      | Reached skill level 5 in Unarmed Combat
   539 | D:2      | Reached XP level 4. HP: 41/41 MP: 3/3
   539 | D:2      | Reached XP level 5. HP: 48/48 MP: 4/4
  1170 | D:2      | Noticed Robin
  1185 | D:2      | Killed Robin
  1185 | D:2      | Reached XP level 6. HP: 53/55 MP: 5/5
  1189 | D:2      | Reached skill level 6 in Unarmed Combat
  1479 | D:3      | Noticed Grinder
  1489 | D:3      | Killed Grinder
  1489 | D:3      | Reached skill level 7 in Unarmed Combat
  1740 | D:3      | Found an opulent altar of Gozag.
  1942 | D:4      | Reached XP level 7. HP: 59/62 MP: 6/6
  2108 | D:4      | Reached skill level 8 in Unarmed Combat
  2122 | D:4      | Found a hazy altar of Hepliaklqana.
  2190 | D:4      | Found a radiant altar of Vehumet.
  2195 | D:4      | Found an ancient bone altar of Kikubaaqudgha.
  2196 | D:4      | Found a deep blue altar of Sif Muna.
  2206 | D:4      | Identified Kikubaaqudgha's Reference Book on Sinister Arts
  2390 | D:4      | Found a basalt altar of Yredelemnul.
  2499 | D:4      | Found a glowing golden altar of the Shining One.
  2499 | D:4      | Found a glowing silver altar of Zin.
  2500 | D:4      | Found a white marble altar of Elyvilon.
  2567 | D:5      | Entered Level 5 of the Dungeon
  2604 | D:5      | Found a stormy altar of Qazlal.
  2610 | D:5      | Found a snail-covered altar of Cheibriados.
  2642 | D:5      | Became a worshipper of Cheibriados the Contemplative
  2709 | D:5      | Reached skill level 9 in Unarmed Combat
  2716 | D:5      | Reached XP level 8. HP: 61/70 MP: 7/7
  2931 | D:5      | Found a runed translucent door.
  2936 | D:5      | Noticed Folque's ghost (novice DEAE)
  3495 | D:6      | Reached skill level 1 in Armour
  3648 | D:6      | Reached * piety under Cheibriados
  3986 | D:7      | Reached XP level 9. HP: 57/76 MP: 8/8
  3993 | D:7      | Reached skill level 5 in Armour
  4130 | D:7      | Found an iron altar of Okawaru.
  4230 | D:7      | Found a staircase to the Ecumenical Temple.
  4492 | D:7      | Found a transporter.
  4493 | D:7      | Noticed feelmyfire's ghost (novice DrIE)
  4498 | D:7      | Noticed a gargoyle
  4558 | D:7      | Found a transporter.
  4587 | D:7      | Reached ** piety under Cheibriados
  4950 | D:8      | Reached skill level 10 in Unarmed Combat
  5005 | D:8      | Noticed a +0 hand axe
  5005 | D:8      | Noticed a +0 dagger
  5007 | D:8      | Found a hide-covered altar of Uskayaw.
  5062 | D:8      | Noticed Pikel
  5078 | D:8      | Killed Pikel
  5078 | D:8      | Reached XP level 10. HP: 75/85 MP: 9/9
  5110 | D:8      | Learned a level 3 spell: Portal Projectile
  5328 | D:8      | Reached skill level 11 in Unarmed Combat
  5383 | D:8      | Noticed a two-headed hydra
  5388 | D:8      | Killed a two-headed hydra
  5388 | D:8      | Reached skill level 12 in Unarmed Combat
  5477 | D:9      | Reached *** piety under Cheibriados
  5544 | D:9      | Found a staircase to the Lair.
  5744 | D:9      | Found a staircase to the Orcish Mines.
  6228 | Orc:1    | Entered Level 1 of the Orcish Mines
  6228 | Orc:1    | Noticed Maurice
  6235 | Orc:1    | Killed Maurice
  6235 | Orc:1    | Reached skill level 13 in Unarmed Combat
  6334 | Orc:1    | You fall through a shaft!
  6334 | Orc:2    | Entered Level 2 of the Orcish Mines
  6348 | Orc:2    | Found a frozen archway.
  6372 | Orc:2    | Reached XP level 11. HP: 92/92 MP: 10/10
  6375 | Orc:2    | Reached **** piety under Cheibriados
  6378 | Orc:2    | Found a staircase to the Elven Halls.
  6382 | IceCv    | Entered an ice cave
  6658 | IceCv    | Noticed a necromancer
  6659 | IceCv    | Found the +5 robe of Misfortune {*Contam Harm *Corrode
                  | *Drain *Slow EV+5}
  6660 | IceCv    | Killed a necromancer
  6660 | IceCv    | Reached skill level 5 in Fighting
  6840 | Orc:2    | Reached ***** piety under Cheibriados
  6878 | Orc:1    | Noticed Sonja
  6890 | Orc:1    | Killed Sonja
  7216 | Orc:2    | Found a roughly hewn altar of Beogh.
  7511 | Orc:2    | Noticed an orc knight
  7511 | Orc:2    | Noticed an orc sorcerer
  7525 | Orc:1    | Killed an orc knight
  7525 | Orc:1    | Reached skill level 5 in Dodging
  7587 | Orc:1    | Killed an orc sorcerer
  7674 | Orc:2    | Noticed an orc sorcerer
  7675 | Orc:2    | Noticed an orc knight
  7698 | Orc:1    | Killed an orc knight
  7987 | Orc:2    | Paralysed by an orc sorcerer for 6 turns
  7994 | Orc:2    | Slain by an ogre

Skill      XL: |  1  2  3  4  5  6  7  8  9 10 11 |
---------------+----------------------------------+-----
Unarmed Combat | 1 3 5 7 9 10 13 | 13.7
Dodging        | 3 6 |  6.1
Armour         | 4 7 |  7.4
Fighting       | 6 |  6.0
Throwing       | |  3.6
Stealth        | |  0.3

Action                   |  1- 3 |  4- 6 |  7- 9 | 10-12 || total
-------------------------+-------+-------+-------+-------++-------
Melee: Unarmed           |    60 |   112 |   252 |   348 ||   772
       Punch             |     1 |       |    17 |    30 ||    48
Throw: Large rock        |     2 |     1 |     5 |     7 ||    15
Evoke: Wand              |       |       |     2 |     4 ||     6
 Stab: Sleeping          |       |     3 |     1 |       ||     4
       Paralysed         |       |       |       |     1 ||     1
  Eat: Chunk             |     4 |    15 |    20 |    21 ||    60
       Ration            |       |       |     2 |       ||     2
Armor: Robe              |    28 |    34 |    14 |       ||    76
       Ice dragon scales |       |       |   123 |   168 ||   291
Dodge: Dodged            |    42 |    53 |   118 |   201 ||   414
